 Dungeon Crawl Stone Soup version 0.28-a0-1182-g381e24db82 (webtiles) character file.

Game seed: 8229624404015998275

16671 ytrimaz the Basher (level 12, -1/141 HPs)
             Began as a Formicid Fighter on Dec 16, 2021.
             Was a Believer of Ru.
             Slain by an orc warrior (4 damage)
             ... in a bailey.
             The game lasted 00:14:29 (13166 turns).

ytrimaz the Basher (Formicid Fighter)              Turns: 13166, Time: 00:14:30

Health: -1/141     AC: 26    Str: 26    XL:     12   Next: 73%
Magic:  12/12      EV:  2    Int: 10    God:    Ru [**....]
Gold:   513        SH:  5    Dex: 16    Spells: 11/11 levels left

rFire   . . .      SeeInvis .   z - +0 morningstar (venom)
rCold   . . .      Faith    .   c - +0 buckler
rNeg    . . .      Spirit   .   (armour currently unavailable)
rPois   +          Reflect  .   (helmet unavailable)
rElec   .          Harm     .   (cloak currently unavailable)
rCorr   .          Rampage  .   (gloves currently unavailable)
Will    +....                   (boots currently unavailable)
Stlth   ++........              x - amulet of magic regeneration
HPRegen 0.00/turn               g - +4 ring of evasion
MPRegen 0.53/turn               t - ring of Huuraf {Dex+6 Slay+2 Stlth+}

@: mighty, tree-form, inhibited regen
A: stationary, stasis, torment immunity, boosted hp, permanent stasis, dig
shafts and tunnels, (antennae 3), unskilled 2, four strong arms, (iridescent
scales 1), clever 1, inhibited regeneration, subdued magic 1
a: Renounce Religion


You were in a bailey.
You worshipped Ru.
Ru was pleased with you.
You were a tree.
You visited 2 branches of the dungeon, and saw 13 of its levels.
You also visited: Bailey.

You collected 897 gold pieces.
You spent 384 gold pieces at shops.

Inventory:

Hand Weapons
 j - a +2 whip of draining
 p - a +2 mace of freezing
 v - a +5 whip of electrocution
 z - a +0 morningstar of venom (weapon)
Missiles
 w - 3 throwing nets
Armour
 c - a +0 buckler (worn)
 i - a +0 cloak (melded)
 o - +1 acid dragon scales (melded)
Jewellery
 g - a +4 ring of evasion (left branch)
 m - a +6 ring of intelligence
 t - the ring of Huuraf (right branch) {Dex+6 Slay+2 Stlth+}
   (You acquired it on level 7 of the Dungeon)

   [ring of dexterity]

   Dex:       It affects your dexterity (+6).
   Slay:      It affects your accuracy & damage with ranged weapons and melee
   (+2).
   Stlth:     It makes you more stealthy.
 x - an amulet of magic regeneration (around neck)
Wands
 n - a wand of paralysis (13)
 q - a wand of flame (25)
Scrolls
 k - a scroll of silence
 s - 2 scrolls of magic mapping
 y - a scroll of brand weapon
 A - a scroll of amnesia
 B - a scroll of fog
Potions
 b - a potion of flight
 d - a potion of might
 f - 3 potions of brilliance
 h - 2 potions of lignification
 l - a potion of attraction
 u - a potion of magic


   Skills:
 * Level 8.4 Fighting
 - Level 2.0(7.7) Axes
 * Level 11.6(11.7) Maces & Flails
 * Level 7.5 Armour
 * Level 6.5 Dodging
 - Level 3.0 Shields
 + Level 0.5 Evocations


You had 11 spell levels left.
You didn't know any spells.
Your spell library contained the following spells:

 Spells                   Type           Power      Damage    Failure   Level
 Fireball                 Conj/Fire      0%         3d3       100%        5
 Starburst                Conj/Fire      0%         6d3       100%        6
 Ignition                 Fire           0%         3d3       100%        8


Dungeon Overview and Level Annotations

Branches:
Dungeon (12/15)            Temple (1/1) D:5            Lair (0/6) D:9
    Orc (0/2) D:12         Bailey (1/1)

Altars:
Ashenzari
Cheibriados
Dithmenos
Elyvilon
Fedhas
Gozag
Hepliaklqana
Kikubaaqudgha
Makhleb
Nemelex Xobeh
Okawaru
Qazlal
Ru
Sif Muna
Trog
Uskayaw
Vehumet
Wu Jian
Xom
Yredelemnul
Zin
The Shining One

Shops:
D:4 *=   D:6 (   D:9 *(!(:!   D:12 (


Innate Abilities, Weirdness & Mutations

You are a tree.
Your roots penetrate the ground, keeping you stationary.
You cannot be teleported.
You are immune to unholy pain and torment.
Your maximum health is greatly increased.
Your equipment is partially melded.
You cannot be hasted, slowed, berserked, paralysed or teleported.
You can dig through walls and to a lower floor.
((You have a pair of large antennae on your head. (SInv)))
You are unskilled. (-2 Apt)
Your four strong arms can wield two-handed weapons with a shield.
((You are partially covered in iridescent scales. (AC +2)))
Your mind is acute. (Int +2)
You do not regenerate when monsters are visible.
Your spells are a little easier to cast, but a little less powerful.


Message History

The orc warrior completely misses you.
The orc warrior hits you with a +0 halberd.
* * * LOW HITPOINT WARNING * * *
Unknown command.
Aiming: Iceblast
Press: ? - help, Q - select action, (/) - cycle Shift-Dir - straight line, f/p - orc warrior
Aim: an orc warrior, wielding a +0 halberd and wearing a +0 ring mail (severely wounded)
The mass of ice explodes!
The iceblast engulfs the orc warrior!
You kill the orc warrior!
The now-empty wand crumbles to dust.
The orc warrior hits you but does no damage.
The orc warrior hits you with a +0 halberd!
* * * LOW HITPOINT WARNING * * *
Unknown command.
Unknown command.
Unknown command.
Unknown command.
Okay, then.
Aiming: Paralyse
Press: ? - help, Shift-Dir - straight line, f - orc warrior
Aim: an orc warrior, wielding a +0 halberd and wearing a +0 chain mail (strong, chance to affect: 47%)
The orc warrior resists with some effort.
You block the orc warrior's attack. x2
Unknown command.
Really quaff the potion of attraction?
Okay, then.
Unknown command.
Okay, then.
Okay, then.
Okay, then.
Aiming: Paralyse
Press: ? - help, Shift-Dir - straight line, f/p - orc warrior
Aim: an orc warrior, wielding a +0 halberd and wearing a +0 chain mail (strong, chance to affect: 47%)
The orc warrior resists with some effort.
The orc warrior no longer looks unusually strong.
The orc warrior hits you but does no damage. x2
You hit the orc warrior but do no damage.
The orc warrior is poisoned.
The orc warrior hits you from afar with a +0 halberd.
You die...

### ##### ##∩##
#####
.....##...##.....
.≈≈≈..#...#.)≈≈≈.
≈≈.≈≈.......≈≈.≈≈
≈.∩)≈.))....≈)∩.≈
≈≈)≈≈.o♣.)..≈≈.≈≈
.≈≈≈.o#).)#..≈≈≈o
..... #.∩.# .....
#### ##∩## ####
###


You could see 2 orc warriors.

Vanquished Creatures
  A boulder beetle (D:10)
  Harold (D:8)
  Erica (D:8)
  A centaur warrior (D:10)
  2 two-headed ogres (D:11)
  3 death yaks (D:9)
  2 orc knights (Bailey)
  A cyclops (D:11)
  An ugly thing (D:11)
  4 centaur zombies
  A gargoyle (D:11)
  A komodo dragon (D:11)
  A tengu conjurer (D:10)
  2 hornets
  12 yaks
  2 wraiths
  A water elemental (D:11)
  A wyvern (D:9)
  3 steam dragons
  4 wargs (D:10)
  Menkaure (D:5)
  2 acid dragons
  A hornet zombie (D:8)
  16 orc warriors
  3 ice beasts
  A sky beast (D:6)
  3 necrophages
  A black bear (D:6)
  2 ogres (D:6)
  3 centaurs
  A kobold brigand (D:11)
  2 bullfrogs
  A water moccasin zombie (D:5)
  A gnoll sergeant (D:10)
  A scorpion (D:7)
  3 killer bees (D:9)
  3 wights (D:8)
  An electric eel (D:11)
  2 hounds
  A jelly (D:6)
  3 orc priests (D:10)
  A centaur skeleton (D:4)
  A gnoll shaman (D:7)
  An iguana (D:6)
  7 orc wizards
  A killer bee zombie (D:8)
  A hound zombie (D:5)
  2 howler monkey zombies
  Robin (D:2)
  8 gnolls
  A howler monkey skeleton (D:6)
  7 adders
  2 shadow imps (D:7)
  2 white imps
  An ufetubus (D:5)
  A worm (D:3)
  3 dart slugs
  21 orcs
  3 bats
  6 endoplasms
  14 goblins
  4 hobgoblins (D:2)
  3 jackals (D:1)
  5 quokkas
  2 ball pythons
  9 frilled lizards
  17 kobolds
  9 rats
230 creatures vanquished.

Vanquished Creatures (others)
  A quokka (D:9)
1 creature vanquished.

Grand Total: 231 creatures vanquished

Notes
Turn   | Place    | Note
-------+----------+-------------------------------------------
     0 | D:1      | ytrimaz the Formicid Fighter began the quest for the Orb.
     0 | D:1      | Reached XP level 1. HP: 18/18 MP: 1/1
   190 | D:1      | Reached XP level 2. HP: 23/24 MP: 2/2
   391 | D:1      | Found a faded altar of an unknown god.
   497 | D:1      | Reached XP level 3. HP: 28/30 MP: 3/3
  1087 | D:2      | Found a shadowy altar of Dithmenos.
  1288 | D:2      | Noticed Robin
  1298 | D:2      | Reached XP level 4. HP: 34/37 MP: 4/4
  1313 | D:2      | Killed Robin
  1758 | D:3      | Reached skill level 1 in Maces & Flails
  2021 | D:3      | Noticed an ice beast
  2036 | D:3      | Killed an ice beast
  2037 | D:3      | Reached skill level 2 in Maces & Flails
  2037 | D:3      | Reached skill level 1 in Dodging
  2037 | D:3      | Reached XP level 5. HP: 29/42 MP: 5/5
  2143 | D:3      | Reached XP level 6. HP: 48/48 MP: 6/6
  2952 | D:4      | Reached skill level 3 in Maces & Flails
  2998 | D:4      | Found Utinuar's Jewellery Shop.
  3028 | D:4      | Found Gufropn's Elemental Accessories.
  3177 | D:4      | Identified the +1 falchion of Doom {freeze, rC+ Will++}
  3303 | D:4      | Found a snail-covered altar of Cheibriados.
  3488 | D:5      | Entered Level 5 of the Dungeon
  3503 | D:5      | Reached skill level 5 in Armour
  3602 | D:5      | Reached XP level 7. HP: 55/55 MP: 7/7
  3629 | D:5      | Found a shimmering blue altar of Sif Muna.
  3629 | D:5      | Noticed Menkaure
  3641 | D:5      | Killed Menkaure
  3642 | D:5      | Reached skill level 4 in Maces & Flails
  3646 | D:5      | Noticed an acid dragon
  3659 | D:5      | Killed an acid dragon
  3902 | D:5      | Found a staircase to the Ecumenical Temple.
  3981 | D:5      | Reached skill level 5 in Fighting
  4013 | Temple   | Entered the Ecumenical Temple
  4340 | Temple   | Became a worshipper of Ru the Awakened
  4502 | D:5      | Found a glowing silver altar of Zin.
  4787 | D:6      | Found Pougyis's Weapon Boutique.
  4809 | D:6      | Reached skill level 5 in Maces & Flails
  4809 | D:6      | Reached XP level 8. HP: 30/62 MP: 8/8
  5031 | D:6      | Reached skill level 6 in Maces & Flails
  5361 | D:6      | Identified the +0 ring mail of the Snake Pit {+Inv}
  5691 | D:6      | Reached skill level 7 in Maces & Flails
  5691 | D:6      | Reached XP level 9. HP: 68/69 MP: 9/9
  5829 | D:6      | Gained mutation: You are somewhat unskilled. (-1 Apt) [Ru
                  | sacrifice]
  5829 | D:6      | Reduced skill Maces & Flails to level 6
  5829 | D:6      | Reduced skill Armour to level 5
  5829 | D:6      | Reached * piety under Ru
  6393 | D:7      | Reached skill level 7 in Maces & Flails
  6528 | D:7      | Noticed a hornet
  6546 | D:7      | Killed a hornet
  6961 | D:7      | Identified a scroll of acquirement
  6961 | D:7      | Acquired the ring of Huuraf {Dex+6 Slay+2 Stlth+}
  7211 | D:8      | Reached skill level 8 in Maces & Flails
  7234 | D:8      | Reached XP level 10. HP: 42/76 MP: 10/10
  7684 | D:8      | Reached skill level 9 in Maces & Flails
  7882 | D:8      | Noticed Erica
  7902 | D:8      | Killed Erica
  8076 | D:8      | Noticed Harold
  8248 | D:8      | Killed Harold
  8249 | D:8      | Reached skill level 10 in Maces & Flails
  8249 | D:8      | Reached skill level 5 in Dodging
  8697 | D:9      | Found a shadowy altar of Dithmenos.
  8736 | D:9      | Found Kase Wunarr's Antique Weapon Boutique.
  8743 | D:9      | Reached XP level 11. HP: 84/84 MP: 11/11
  8745 | D:9      | Found Ruha's Distillery.
  8758 | D:9      | Found Nanwoimu's Antique Weapon Shoppe.
  8769 | D:9      | Noticed a death yak
  8772 | D:9      | Found a staircase to the Lair.
  8772 | D:9      | Noticed a death yak
  8772 | D:9      | Noticed a death yak
  8800 | D:9      | Killed a death yak
  8841 | D:9      | Found Xeris's General Store.
  8850 | D:9      | Killed a death yak
  8857 | D:9      | Killed a death yak
  9463 | D:9      | Found Gaah's Distillery.
  9472 | D:9      | Bought a potion of mutation for 96 gold pieces
  9472 | D:9      | Bought 2 potions of mutation for 192 gold pieces
  9472 | D:9      | Bought a potion of mutation for 96 gold pieces
  9473 | D:9      | Gained mutation: Your body sometimes deteriorates upon
                  | taking damage. [potion of mutation]
  9473 | D:9      | Gained mutation: You have large cloven feet. [potion of
                  | mutation]
  9473 | D:9      | Gained mutation: You expend magic power (3 MP) to
                  | strengthen your wands. [potion of mutation]
  9474 | D:9      | Lost mutation: You have large cloven feet. [potion of
                  | mutation]
  9474 | D:9      | Lost mutation: You expend magic power (3 MP) to strengthen
                  | your wands. [potion of mutation]
  9474 | D:9      | Lost mutation: Your body sometimes deteriorates upon taking
                  | damage. [potion of mutation]
  9474 | D:9      | Gained mutation: Potions are less effective at restoring
                  | your health. [potion of mutation]
  9474 | D:9      | Gained mutation: You have sharp fingernails. [potion of
                  | mutation]
  9474 | D:9      | Gained mutation: A frigid envelope surrounds you and
                  | freezes all who hurt you. [potion of mutation]
  9475 | D:9      | Lost mutation: You have sharp fingernails. [potion of
                  | mutation]
  9475 | D:9      | Gained mutation: Armour fits poorly on your strangely
                  | shaped body. [potion of mutation]
  9475 | D:9      | Lost mutation: Armour fits poorly on your strangely shaped
                  | body. [potion of mutation]
  9475 | D:9      | Gained mutation: You have hidden genetic defects. [potion
                  | of mutation]
  9476 | D:9      | Lost mutation: You have hidden genetic defects. [potion of
                  | mutation]
  9476 | D:9      | Lost mutation: A frigid envelope surrounds you and freezes
                  | all who hurt you. [potion of mutation]
  9476 | D:9      | Gained mutation: Your body sometimes deteriorates upon
                  | taking damage. [potion of mutation]
  9476 | D:9      | Gained mutation: You do not regenerate when monsters are
                  | visible. [potion of mutation]
  9476 | D:9      | Gained mutation: You expend magic power (3 MP) to
                  | strengthen your wands. [potion of mutation]
  9477 | D:9      | Lost mutation: You expend magic power (3 MP) to strengthen
                  | your wands. [potion of mutation]
  9477 | D:9      | Lost mutation: Your body sometimes deteriorates upon taking
                  | damage. [potion of mutation]
  9477 | D:9      | Gained mutation: You are frail. (-10% HP) [potion of
                  | mutation]
  9477 | D:9      | Gained mutation: Your spells are a little easier to cast,
                  | but a little less powerful. [potion of mutation]
  9477 | D:9      | Gained mutation: You are partially covered in iridescent
                  | scales. (AC +2) [potion of mutation]
  9478 | D:9      | Lost mutation: Potions are less effective at restoring your
                  | health. [potion of mutation]
  9478 | D:9      | Lost mutation: You are frail. (-10% HP) [potion of
                  | mutation]
  9478 | D:9      | Gained mutation: Your mind is acute. (Int +2) [potion of
                  | mutation]
  9549 | D:9      | Found Beromuc's Book Shoppe.
  9733 | D:10     | Entered Level 10 of the Dungeon
  9879 | D:10     | Gained mutation: You are unskilled. (-2 Apt) [Ru sacrifice]
  9879 | D:10     | Reduced skill Maces & Flails to level 9
  9879 | D:10     | Reached ** piety under Ru
 10118 | D:10     | Noticed a boulder beetle
 10146 | D:10     | Reached skill level 10 in Maces & Flails
 10173 | D:10     | Killed a boulder beetle
 10345 | D:10     | Noticed a centaur warrior
 10362 | D:10     | Killed a centaur warrior
 10899 | D:10     | Reached XP level 12. HP: 60/91 MP: 12/12
 11319 | D:11     | Noticed a two-headed ogre
 11328 | D:11     | Killed a two-headed ogre
 11684 | D:11     | Reached skill level 11 in Maces & Flails
 12025 | D:11     | Noticed a two-headed ogre
 12029 | D:11     | Killed a two-headed ogre
 12571 | D:12     | Found Hoesch's Weapon Shop.
 12571 | D:12     | Found a staircase to the Orcish Mines.
 12724 | D:12     | Found a flagged portal.
 12763 | Bailey   | Entered a bailey
 13163 | Bailey   | HP: 3/141 [orc warrior (9)]
 13166 | Bailey   | Slain by an orc warrior

Illustrated notes

Levels and vault maps discovered:
D:1:      dpeg_arrival_line_fractal, layout_loops_cross,
          nicolae_ecumenical_lake_church, minmay_misc_feat_more_columns
D:2:      layout_basic, basic_altar, uniq_robin
D:3:      layout_basic, minmay_cut_off
D:4:      layout_cave_pools, mainiacjoe_overflow_small_starburst, serial_shops,
          shop, nicolae_elemental_shop, kennysheep_cross_bottleneck
D:5:      layout_cave_pools, amcnicky_altar_gilded, lemuel_crystal_altar,
          minmay_temple_entry_butterflies, uniq_menkaure
D:6:      layout_cave_pools, serial_co_window_serial, co_window_paths_b,
          co_window_paths_a, co_window_paths_a, co_window_corner_a,
          co_window_paths_a, co_window_cross_1, co_window_corner_a,
          co_window_paths_c, co_window_corner_b, co_window_of_opportunity_b,
          co_window_unsneaky_path_c, co_window_corner_ca, co_window_4corner_b,
          glass_columns_a, glass_columns_a, glass_columns_b, glass_columns_a,
          glass_columns_a, serial_shops, shop
D:7:      layout_cave_pools
D:8:      layout_rooms, chequers_avenue, columned_hall_lemuel, uniq_erica,
          uniq_harold
D:9:      layout_rooms, mainiacjoe_overflow_surrounded_room, dpeg_lair_monsters,
          serial_shops, nicolae_diamond_shop, nicolae_square_shop,
          nicolae_lakefront_shop, shop, shop, nicolae_take_the_stairs,
          minmay_misc_feat_diagonals, kennysheep_decorative_pillar
D:10:     minmay_cornered_nines, layout_rooms, nooodl_orcs_dogs
D:11:     layout_loops_ring, minmay_misc_feat_x, minmay_misc_feat_iff,
          water_maze_lemuel
D:12:     layout_cave_pods, orc_david_3, serial_shops, nicolae_diamond_shop,
          enter_bailey_3, minivault_7
Temple:   hc_temple_tempest_star
Bailey:   bailey_polearm_4, bailey

Skill      XL: |  1  2  3  4  5  6  7  8  9 10 11 12 |
---------------+-------------------------------------+-----
Armour         | 4 5 6 6 7 7 |  7.5
Fighting       | 4 5 6 7 8 |  8.4
Maces & Flails | 2 3 5 7 8 10 10 11 | 11.6
Dodging        | 1 2 3 5 6 |  6.5
Axes           | |  2.0
Shields        | |  3.0
Evocations     | |  0.5

Action                   |  1- 3 |  4- 6 |  7- 9 | 10-12 || total
-------------------------+-------+-------+-------+-------++-------
Melee: War axe           |    42 |       |       |       ||    42
       Whip              |    38 |   145 |   281 |   421 ||   885
       Morningstar       |       |       |       |   129 ||   129
Invok: Sacrifice Skill   |       |       |     1 |     1 ||     2
 Abil: Dig               |       |       |     3 |       ||     3
Evoke: Wand              |       |       |       |    24 ||    24
  Use: Scroll            |     2 |     6 |     3 |    11 ||    22
       Potion            |       |       |     1 |    14 ||    15
 Stab: Sleeping          |       |       |       |     5 ||     5
       Confused          |       |       |       |     1 ||     1
       Distracted        |       |       |       |     3 ||     3
       Invisible         |       |       |       |     3 ||     3
Armor: Scale mail        |    49 |    46 |     4 |       ||    99
       Acid dragon scale |       |       |    42 |    96 ||   138
       Skin              |       |       |       |     6 ||     6
Dodge: Dodged            |    53 |    87 |   148 |   328 ||   616
Block: Buckler           |    17 |    29 |    40 |   109 ||   195

Table legend: (Time is in decaauts)
 A = Elapsed time spent in this place.
 B = Non-inter-level travel time spent in this place.
 C = Inter-level travel time spent in this place.
 D = Time resting spent in this place.
 E = Time spent auto-exploring this place.
 F = Levels seen in this place.
 G = Mean time per level.
                   A        B        C        D        E       F      G
               +--------+--------+--------+--------+--------+-----+--------+
         Total |  12981 |  12416 |    565 |   1135 |   9186 |  14 |  927.2 |
       Dungeon |  12185 |  11703 |    482 |    781 |   8896 |  12 | 1015.4 |
        Temple |    393 |    310 |     83 |      0 |    290 |   1 |  393.0 |
        Bailey |    402 |    402 |      0 |    354 |      0 |   1 |  402.0 |
               +--------+--------+--------+--------+--------+-----+--------+

Top non-repeatable levels by time:
     D:8: 1645 daAuts
    D:10: 1492 daAuts
     D:6: 1460 daAuts
    D:11: 1369 daAuts
     D:3: 1198 daAuts
     D:9: 1009 daAuts
     D:1: 938 daAuts
     D:5: 934 daAuts
     D:2: 825 daAuts
     D:7: 697 daAuts
     D:4: 539 daAuts
  Bailey: 402 daAuts
  Temple: 393 daAuts
    D:12: 74 daAuts
